 Dungeon Crawl Stone Soup version 0.21-a0-633-g4c047d5 (webtiles) character file.

60 Alarkh the Slasher (level 3, 0/27 HPs)
             Began as a Demonspawn Skald on Dec 28, 2017.
             Succumbed to an adder's poison
             ... on level 2 of the Dungeon.
             The game lasted 00:01:51 (1925 turns).

Alarkh the Slasher (Demonspawn Skald)               Turns: 1925, Time: 00:01:53

Health: 0/27       AC:  4    Str: 11    XL:     3   Next: 82%
Magic:  6/6        EV: 11    Int: 15    God:
Gold:   79         SH:  0    Dex: 12    Spells: 3/6 levels left

rFire    . . .     SeeInvis .   a - +0 falchion
rCold    . . .     Gourm    .   (no shield)
rNeg     . . .     Faith    .   b - +0 leather armour
rPois    .         Spirit   .   (helmet restricted)
rElec    .         Reflect  .   i - +0 cloak (curse)
rCorr    .         Harm     .   (no gloves)
MR       .....                  (no boots)
Stlth    +.........             (no amulet)
HPRegen  0.09/turn              (no ring)
MPRegen  0.10/turn              (no ring)

@: lethally poisoned (0 -> -16), singing (expiring)
A: antennae 1, powered by death 1
a: no special abilities


You were on level 2 of the Dungeon.
You were not hungry.

You visited 1 branch of the dungeon, and saw 2 of its levels.

You collected 79 gold pieces.

Inventory:

Hand Weapons
 a - a +0 falchion (weapon)
Armour
 b - a +0 leather armour (worn)
 i - a cursed +0 cloak (worn)
Jewellery
 j - an uncursed ring of wizardry {unknown}
Scrolls
 e - 2 scrolls of teleportation {unknown}
 f - a scroll of noise {unknown}
 h - a scroll of remove curse {unknown}
Books
 c - a book of Battle

   Spells                             Type                      Level
   a - Infusion                       Charms                       1
   b - Shroud of Golubria             Charms/Translocation         2
   c - Song of Slaying                Charms                       2
   d - Spectral Weapon                Hexes/Charms                 3
   e - Regeneration                   Charms/Necromancy            3
Comestibles
 d - 3 rations


   Skills:
 - Level 2.0 Fighting
 + Level 3.8 Long Blades
 - Level 0.8 Armour
 - Level 1.7 Dodging
 - Level 2.0 Spellcasting
 - Level 2.6 Charms


You had 3 spell levels left.
You knew the following spells:

 Your Spells              Type           Power        Failure   Level  Hunger
a - Song of Slaying       Chrm           #.......     14%         2    ###....
b - Infusion              Chrm           #...         10%         1    #......


Dungeon Overview and Level Annotations

Branches:
Dungeon (2/15)

Altars:


Innate Abilities, Weirdness & Mutations

You have a pair of small antennae on your head.
You regenerate a little health from kills.


Message History

You barely miss the adder.
The adder is severely wounded.
You feel sick. The adder bites you.
* * * LOW HITPOINT WARNING * * *
You are more poisoned.
The adder poisons you!
It was a potion of magic.
Magic courses through your body.
* * * LOW HITPOINT WARNING * * *
You feel sick. The adder bites you but does no damage. The adder bites you.
* * * LOW HITPOINT WARNING * * *
You are more poisoned.
The adder poisons you!
You barely miss the adder.
The adder is severely wounded.
Your song is almost over.
* * * LOW HITPOINT WARNING * * *
You feel sick. The adder bites you but does no damage.
You barely miss the adder.
The adder is heavily wounded.
You die...

....#.# #.....#
#.##### #.#...#
#.#.#.# ### #<#.#.#
.. ###.#.# .#
....#.###########S#
#####...........@.#
###############


You could see an adder.

Vanquished Creatures
  An adder (D:2)
  A dart slug (D:1)
  5 giant cockroaches
  4 goblins
  8 hobgoblins
  6 jackals
  2 quokkas (D:2)
  A ball python (D:1)
  3 bats
  3 frilled lizards
  5 kobolds (D:1)
  4 rats
43 creatures vanquished.

Notes
Turn   | Place    | Note
-------+----------+-------------------------------------------
     0 | D:1      | Alarkh the Demonspawn Skald began the quest for the Orb.
     0 | D:1      | Reached XP level 1. HP: 16/16 MP: 3/3
    16 | D:1      | Reached skill level 2 in Long Blades
    62 | D:1      | Gained mutation: You regenerate a little health from kills. [demonic ancestry]
    62 | D:1      | Reached XP level 2. HP: 8/22 MP: 0/5
   508 | D:1      | Learned a level 2 spell: Song of Slaying
   583 | D:1      | Reached skill level 3 in Long Blades
   893 | D:1      | Gained mutation: You have a pair of small antennae on your head. [demonic ancestry]
   893 | D:1      | Reached XP level 3. HP: 26/27 MP: 6/6
  1925 | D:2      | Succumbed to an adder's poison

Vault maps used:
D:1:      minmay_arrival_pointy
D:2:      grunt_temple_overflow_growth_and_decay, st_stairs_1

Skill      XL: |  1  2 |
---------------+-------+-----
Long Blades    | 2 3 |  3.8
Fighting       | |  2.0
Armour         | |  0.8
Dodging        | |  1.7
Spellcasting   | |  2.0
Charms         | |  2.6

Action                   || total
-------------------------++-------
Melee: Falchion          ||   155
 Cast: Infusion          ||     8
       Song of Slaying   ||     2
  Use: Potion            ||     1
 Stab: Sleeping          ||     1
  Eat: Chunk             ||     4
Armor: Leather armour    ||    51
Dodge: Dodged            ||   124
       Rpst.: Falchion   ||    34

Table legend:
 A = Spawn XP
 B = Non-spawn XP
 C = Spawn XP percentage of total XP
 D = Spawn monster count
 E = Non-spawn monster count
 F = Spawn count percentage of total count
 G = Total turns spent on level
                    A         B        C        D         E        F      G
               +---------+---------+-------+---------+---------+-------+---------
         Total |       0 |      87 |   0.0 |       0 |      43 |   0.0 |  1925
               +---------+---------+-------+---------+---------+-------+---------
           D:1 |       0 |      48 |   0.0 |       0 |      28 |   0.0 |  1318
           D:2 |       0 |      39 |   0.0 |       0 |      15 |   0.0 |   607
               +---------+---------+-------+---------+---------+-------+---------
